 Dungeon Sprint DCSS version 0.26-a0-1040-gbe3abf3417 (webtiles) character file.

Game seed: 4302228030129305068

324 mhtbhm the Cruncher (level 6, -6/58 HPs)
             Began as a Minotaur Gladiator on Dec 11, 2020.
             Was a Follower of Okawaru.
             Mangled by a boulder beetle (12 damage)
             ... in the Dungeon (Sprint IX: "|||||||||||||||||||||||||||||").
             The game lasted 00:01:15 (446 turns).

mhtbhm the Cruncher (Minotaur Gladiator)             Turns: 446, Time: 00:01:15

Health: -6/58      AC: 10    Str: 24    XL:     6   Next: 23%
Magic:  5/5        EV: 12    Int:  8    God:    Okawaru [*.....]
Gold:   0          SH:  0    Dex: 11    Spells: 5/5 levels left

rFire    . . .     SeeInvis .   a - +4 quarterstaff (speed)
rCold    . . .     Faith    .   (shield currently unavailable)
rNeg     . . .     Spirit   .   b - +1 chain mail
rPois    .         Reflect  .   c - +0 hat
rElec    .         Harm     .   n - +0 cloak
rCorr    .         Rampage  .   (no gloves)
Will     .....     NoTele   +   (no boots)
Stlth    ..........             (no amulet)
HPRegen  0.19/turn              o - +3 ring of strength
MPRegen  0.09/turn              p - +3 ring of intelligence

@: lethally poisoned (-6 -> -8), very slightly contaminated, invisible
A: retaliatory headbutt, horns 2
a: Heroism, Renounce Religion


You were in the Dungeon.
You worshipped Okawaru.
Okawaru was aware of your devotion.
You visited 1 branch

Inventory:

Hand Weapons
 a - a +4 quarterstaff of speed (weapon)
Missiles
 d - 3 throwing nets (quivered)
Armour
 b - a +1 chain mail (worn)
 c - a +0 hat (worn)
 n - a +0 cloak (worn)
Jewellery
 o - a +3 ring of strength (left hand)
 p - a +3 ring of intelligence (right hand)
Wands
 m - a wand of iceblast (7)
Scrolls
 j - 2 scrolls of blinking
 k - 3 scrolls of remove curse
 l - 2 scrolls of amnesia
Potions
 e - 3 potions of curing
 g - a potion of haste
 h - 4 potions of magic
 i - a potion of heal wounds


   Skills:
 + Level 6.4 Fighting
 + Level 10.8 Staves
 + Level 4.3 Throwing
 + Level 2.3 Armour
 + Level 8.7 Dodging
 + Level 0.3 Evocations


You had 5 spell levels left.
You didn't know any spells.
Your spell library was empty.

Dungeon Overview and Level Annotations

Branches:
Dungeon (1/1)

Altars:
Cheibriados
Dithmenos
Elyvilon
Fedhas
Gozag
Hepliaklqana
Kikubaaqudgha
Makhleb
Nemelex Xobeh
Okawaru
Qazlal
Ru
Sif Muna
Trog
Uskayaw
Vehumet
Wu Jian
Xom
Yredelemnul
Zin
The Shining One
Beogh
Jiyva
Lugonu


Innate Abilities, Weirdness & Mutations

You reflexively headbutt those who attack you in melee.
You have a pair of horns on your head.


Message History

You hit the boulder beetle but do no damage.
The boulder beetle is heavily wounded.
The boulder beetle barely misses you. You furiously retaliate!
You headbutt the boulder beetle!
You feel much better.
You feel sick. The boulder beetle bites you!
You strike the helpless boulder beetle from behind!
You sock the boulder beetle!
You headbutt the boulder beetle, but do no damage.
The boulder beetle is severely wounded.
You hit the boulder beetle. You headbutt the boulder beetle!
The boulder beetle is almost dead.
The boulder beetle bites you!
* * * LOW HITPOINT WARNING * * *
You hit the boulder beetle.
You headbutt the boulder beetle, but do no damage.
The boulder beetle is almost dead.
You hit the boulder beetle but do no damage.
The boulder beetle is almost dead.
The boulder beetle bites you!
You die... ▓▓▓▓▓▓▓▓▓▓▓▓▓▓▓▓▓▓▓▓▓▓▓▓ +..oF.B@.....†'.[..[.).. ▓▓▓▓▓▓▓▓▓▓▓▓▓▓▓▓▓▓▓▓▓▓▓▓

You could see a boulder beetle, a bullfrog and an orc wizard (fast).

Vanquished Creatures
  A phantom (D)
  A gnoll sergeant (D)
  A scorpion (D)
  2 hounds (D)
  A worker ant (D)
  An adder (D)
  2 shadow imps (D)
  An ufetubus (D)
  An adder skeleton (D)
  A ball python (D)
  A giant cockroach (D)
  A goblin (D)
  2 hobgoblins (D)
  A frilled lizard (D)
  A leopard gecko skeleton (D)
  A leopard gecko zombie (D)
19 creatures vanquished.

Notes
Turn   | Place    | Note
-------+----------+-------------------------------------------
     0 | D        | mhtbhm the Minotaur Gladiator began the quest for the Orb.
     0 | D        | Reached XP level 1. HP: 18/18 MP: 0/0
     9 | D        | Reached skill level 4 in Staves
    72 | D        | Noticed a phantom
    72 | D        | Noticed a worker ant
    76 | D        | Killed a worker ant
    77 | D        | Reached skill level 6 in Staves
    77 | D        | Reached skill level 5 in Dodging
    77 | D        | Reached XP level 2. HP: 8/26 MP: 1/1
    77 | D        | Reached XP level 3. HP: 10/31 MP: 2/2
    90 | D        | Found a roughly hewn altar of Beogh.
    90 | D        | Found a snail-covered altar of Cheibriados.
    90 | D        | Found a shadowy altar of Dithmenos.
    90 | D        | Found a white marble altar of Elyvilon.
    90 | D        | Found a blossoming altar of Fedhas.
    90 | D        | Found an opulent altar of Gozag.
    91 | D        | Found a hazy altar of Hepliaklqana.
    92 | D        | Found a viscous altar of Jiyva.
    94 | D        | Found an ancient bone altar of Kikubaaqudgha.
    95 | D        | Found a corrupted altar of Lugonu.
    96 | D        | Found a burning altar of Makhleb.
    97 | D        | Found a sparkling altar of Nemelex Xobeh.
    98 | D        | Found an iron altar of Okawaru.
    99 | D        | Found a stormy altar of Qazlal.
   100 | D        | Found a sacrificial altar of Ru.
   101 | D        | Found a shimmering blue altar of Sif Muna.
   102 | D        | Found a bloodstained altar of Trog.
   103 | D        | Found a hide-covered altar of Uskayaw.
   104 | D        | Found a radiant altar of Vehumet.
   105 | D        | Found an ornate altar of the Wu Jian Council.
   106 | D        | Became a worshipper of Warmaster Okawaru
   107 | D        | Found a shimmering altar of Xom.
   108 | D        | Found a basalt altar of Yredelemnul.
   109 | D        | Found a glowing silver altar of Zin.
   110 | D        | Found a glowing golden altar of the Shining One.
   141 | D        | Killed a phantom
   142 | D        | Reached skill level 8 in Staves
   142 | D        | Reached XP level 4. HP: 19/41 MP: 3/3
   322 | D        | Reached XP level 5. HP: 32/47 MP: 4/4
   335 | D        | Reached * piety under Okawaru
   336 | D        | Reached skill level 5 in Fighting
   336 | D        | Reached skill level 9 in Staves
   336 | D        | Reached skill level 1 in Armour
   426 | D        | Noticed a boulder beetle
   429 | D        | Reached skill level 10 in Staves
   436 | D        | Reached XP level 6. HP: 37/58 MP: 5/5
   446 | D        | Mangled by a boulder beetle

Illustrated notes

Levels and vault maps discovered:
D:        linesprint [early_d, line_temple, items_1, d_10, items_2, lair_1,
          lair_end, items_3, orc_1, orc_end, items_4, d_15, swamp_1, shoals_1,
          snake_1, spider_1, d_20, vaults_1, items_5, swamp_end, shoals_end,
          snake_end, spider_end, vaults_end, d_27, items_6, zot_1, zot_end,
          crypt_end, forest_end, elf_end, slime_end, tomb_end, abyss_end,
          pan_hell_end]

Skill      XL: |  1  2  3  4  5 |
---------------+----------------+-----
Staves         | 6 8 10 | 10.8
Dodging        | 5 7 8 |  8.7
Fighting       | 3 4 6 |  6.4
Throwing       | 3 4 |  4.3
Armour         | 2 |  2.3
Evocations     | |  0.3

Action                   |  1- 3 |  4- 6 || total
-------------------------+-------+-------++-------
Melee: Quarterstaff      |    25 |    41 ||    66
       Headbutt          |     4 |     4 ||     8
Evoke: Wand              |       |     3 ||     3
  Use: Potion            |     2 |     4 ||     6
 Stab: Invisible         |       |     2 ||     2
Armor: Leather armour    |     5 |       ||     5
       Chain mail        |       |    14 ||    14
Dodge: Dodged            |    10 |    13 ||    23

Table legend: (Time is in decaauts)
 A = Elapsed time spent in this place.
 B = Non-inter-level travel time spent in this place.
 C = Inter-level travel time spent in this place.
 D = Time resting spent in this place.
 E = Time spent auto-exploring this place.
 F = Levels seen in this place.
 G = Mean time per level.
                   A        B        C        D        E       F      G
               +--------+--------+--------+--------+--------+-----+--------+
         Total |    434 |    434 |      0 |    256 |      3 |   1 |  434.0 |
       Dungeon |    434 |    434 |      0 |    256 |      3 |   1 |  434.0 |
               +--------+--------+--------+--------+--------+-----+--------+

Top non-repeatable levels by time:
       D: 434 daAuts
